 Dungeon Crawl Stone Soup version 0.29-a0-550-g81e455f4c2 (webtiles) character file.

Game seed: 890710554938990074

92 Lekart the Skirmisher (level 4, -1/40 HPs)
             Began as a Draconian Abyssal Knight on June 5, 2022.
             Was a Believer of Lugonu.
             Slain by Sigmund
             ... wielding a +0 scythe
              (6 damage)
             ... on level 3 of the Dungeon.
             The game lasted 00:03:25 (2476 turns).

Lekart the Skirmisher (Draconian Abyssal Knight)    Turns: 2476, Time: 00:03:26

Health: -1/40      AC:  5    Str: 15    XL:     4   Next: 35%
Magic:  6/6        EV: 12    Int: 10    God:    Lugonu [**....]
Gold:   181        SH:  0    Dex: 14    Spells: 3/3 levels left

rFire   . . .      SeeInvis .   a - +1 hand axe
rCold   . . .      Faith    .   (no shield)
rNeg    + . .      Spirit   .   (body armour unavailable)
rPois   .          Reflect  .   (helmet restricted)
rElec   .          Harm     .   (no cloak)
rCorr   .          Rampage  .   (no gloves)
Will    .....                   (no boots)
Stlth   +.........              (no amulet)
HPRegen 0.13/turn               c - ring of positive energy
MPRegen 0.10/turn               (no ring)

@: no status effects
A: AC +5, unfitting armour, cold-blooded
a: Renounce Religion, Depart the Abyss, Bend Space


You were on level 3 of the Dungeon.
You worshipped Lugonu.
Lugonu was pleased with you.
You visited 1 branch of the dungeon, and saw 4 of its levels.
You visited the Abyss 1 time.

You collected 181 gold pieces.

Inventory:

Hand Weapons
 a - a +1 hand axe (weapon)
Missiles
 j - a curare-tipped dart (quivered)
 k - 3 poisoned darts
Jewellery
 c - a ring of positive energy (left hand)
 f - a ring of fire
Wands
 h - a wand of paralysis (5)
Scrolls
 e - 3 scrolls of noise
 g - a scroll of poison {unknown}
 i - a scroll of fog {unknown}
 l - a scroll of torment {unknown}


   Skills:
 + Level 4.1 Fighting
 + Level 3.1 Axes
 + Level 0.2 Throwing
 + Level 2.6 Dodging
 * Level 2.7 Invocations


You had 3 spell levels left.
You didn't know any spells.
Your spell library contained the following spells:

 Spells                   Type           Power      Damage    Failure   Level
 Chain Lightning          Conj/Air       0%         N/A       100%        9
 Fire Storm               Conj/Fire      0%         5d1       100%        9
 Shatter                  Erth           0%         3d5*      100%        9


Dungeon Overview and Level Annotations

Branches:
Dungeon (4/15)
 Temple: D:4-7

Altars:

Annotations:
D:3 Jessica, Sigmund
D:4 Dowan, Duvessa


Innate Abilities, Weirdness & Mutations

Your plain brown scales are hard. (AC +5)
You cannot fit into any form of body armour.
You are cold-blooded and may be slowed by cold attacks.


Message History

The rat barely misses you. The rat attacks as you move away!
The rat barely misses you.
You aren't carrying any potions.
As you read the scroll labelled HUYTUG QALOL, it crumbles to dust.
A profound silence engulfs you.
It was a scroll of silence.
Something hits you! The rat bites you but does no damage.
There is an open door here.
The rat attacks as you move away! The rat barely misses you.
The rat attacks as you move away! The rat misses you.
The rat attacks as you move away! The rat closely misses you.
Jessica gestures wildly while chanting.
Jessica seems to speed up.
The rat barely misses you. Something barely misses you.
There is a stone staircase leading down here.
The rat bites you but does no damage.
You climb downwards.
Reactivating autopickup.
Found 2 curare-tipped darts.
There is a stone staircase leading up here.
You slash the rat!
You kill the rat!
Lugonu accepts your kill.
You climb upwards.
Level annotation: Jessica, Sigmund Deactivating autopickup; reactivate with Ctrl-A.
Something tries to affect you, but you resist.
Something hits you!
* * * LOW HITPOINT WARNING * * *
There is a stone staircase leading down here.
Your hearing returns.
Jessica hits you with a +0 club.
* * * LOW HITPOINT WARNING * * *
Jessica barely misses you.
You aren't carrying any potions.
As you read the scroll labelled AXOLI YNYWN, it crumbles to dust.
You hear a loud clanging noise!
It was a scroll of noise.
You hear a bark! x3; You hear a shout! x2
Jessica hits you but does no damage. Something hits you.
You die...

#..#.....######...#....
#.####.#†....#
#...#....
.......'..<..#
#...#....
#.######....##
#...#####. ##....#
#...# #. #....## ...##
#. #....## [..## #.
+.....# #. ##...@.##
####. #...@>..# #....
#.#....## #....
#.#.#### ##....
#+###.#.# .......
#.....#.#### .......
######.@...# .......
#.....+ .......
#####.....# .......


You could see Jessica (fast).

Vanquished Creatures
  Ijyb (D:3)
  An adder (D:2)
  A worm (D:3)
  4 dart slugs
  2 bats
  4 endoplasms
  3 giant cockroaches
  4 goblins
  3 hobgoblins
  4 jackals (D:3)
  3 kobolds
  2 quokkas (D:1)
  4 ball pythons
  5 frilled lizards
  4 rats
45 creatures vanquished.

Notes
Turn   | Place    | Note
-------+----------+-------------------------------------------
     0 | Abyss:1  | Lekart the Draconian Abyssal Knight began the quest for the
                  | Orb.
     0 | Abyss:1  | Reached XP level 1. HP: 19/19 MP: 2/2
    66 | Abyss:1  | Noticed a hellwing
    67 | D:1      | Escaped the Abyss
   223 | D:1      | Reached ** piety under Lugonu
   329 | D:1      | Reached XP level 2. HP: 19/26 MP: 3/3
   882 | D:1      | Found a faded altar of an unknown god.
  1324 | D:2      | Reached XP level 3. HP: 25/33 MP: 4/4
  1327 | D:2      | Reached skill level 4 in Fighting
  2037 | D:3      | Noticed Ijyb
  2041 | D:3      | Paralysed by Ijyb for 4 turns
  2052 | D:3      | Paralysed by Ijyb for 5 turns
  2057 | D:3      | Killed Ijyb
  2058 | D:3      | Reached XP level 4. HP: 23/40 MP: 4/6
  2436 | D:3      | Noticed Sigmund
  2436 | D:3      | Noticed Jessica
  2471 | D:4      | Noticed Duvessa
  2473 | D:4      | Noticed Dowan
  2476 | D:3      | Slain by Sigmund

Illustrated notes

Levels and vault maps discovered:
D:1:      dpeg_arrival_houses_and_road, layout_basic,
          chequers_ecumenical_altar_simple
D:2:      layout_basic, kennysheep_generic_room_7
D:3:      layout_basic, serial_curves, eino_curves_03, eino_curves_02,
          uniq_grinder, uniq_sigmund, uniq_jessica, uniq_ijyb
D:4:      layout_gridville, minmay_temple_entry_junction, enter_ossuary_5,
          uniq_duvessa

Skill      XL: |  1  2  3  4 |
---------------+-------------+-----
Fighting       | 4 |  4.1
Axes           | 3 |  3.1
Throwing       | |  0.2
Dodging        | |  2.6
Invocations    | |  2.7

Action                   |  1- 3 |  4- 6 || total
-------------------------+-------+-------++-------
Melee: Hand axe          |    85 |    23 ||   108
       Tailslap          |    12 |     4 ||    16
       Punch             |     2 |       ||     2
Throw: Dart              |    11 |    11 ||    22
       Throwing net      |       |     1 ||     1
Invok: Depart the Abyss  |     1 |       ||     1
  Use: Potion            |     1 |     1 ||     2
       Scroll            |       |     2 ||     2
 Stab: Sleeping          |     1 |       ||     1
Armor: Skin              |    27 |     7 ||    34
Dodge: Dodged            |    48 |    29 ||    77

Table legend: (Time is in decaauts)
 A = Elapsed time spent in this place.
 B = Non-inter-level travel time spent in this place.
 C = Inter-level travel time spent in this place.
 D = Time resting spent in this place.
 E = Time spent auto-exploring this place.
 F = Levels seen in this place.
 G = Mean time per level.
                   A        B        C        D        E       F      G
               +--------+--------+--------+--------+--------+-----+--------+
         Total |   2494 |   2417 |     77 |      0 |   2021 |   5 |  498.8 |
       Dungeon |   2427 |   2350 |     77 |      0 |   1981 |   4 |  606.8 |
         Abyss |     67 |     67 |      0 |      0 |     40 |   1 |   67.0 |
               +--------+--------+--------+--------+--------+-----+--------+

Top non-repeatable levels by time:
     D:1: 1207 daAuts
     D:2: 777 daAuts
     D:3: 440 daAuts
 Abyss:1: 67 daAuts
     D:4: 2 daAuts
